 Dungeon Crawl Stone Soup version 0.32-a0-42-ga30500b4d3 (webtiles) character file.

Game seed: 7257179393851238478

104017 demibob the Fencer (level 15, 0/124 HPs)
             Began as a Demonspawn Chaos Knight on Feb 2, 2024.
             Was a Plaything of Xom.
             Slain by a sun demon (8 damage)
             ... summoned by an orc high priest
             ... on level 2 of the Orcish Mines.
             The game lasted 00:46:39 (22554 turns).

demibob the Fencer (Demonspawn Chaos Knight)       Turns: 22554, Time: 00:46:41

Health: 0/124      AC: 12    Str: 21    XL:     15   Next: 90%
Magic:  15/15      EV: 23    Int: 13    God:    Xom [...*..]
Gold:   1656       SH:  5    Dex: 16    Spells: 14/14 levels left

rFire   + . .        a - +4 great sword (freeze)
rCold   + + +        (shield currently unavailable)
rNeg    . . .        X - +2 leather armour
rPois   .            (helmet restricted)
rElec   .            s - scarf of a Billion Servitors {rC+ rF+, Stlth+}
rCorr   .            z - +2 pair of gloves
SInv    +            D - +0 pair of boots
Will    ++...        n - amulet "Riehium" {Reflect Dex+3 SH+5}
Stlth   +++          E - +5 ring of evasion
HPRegen 1.40/turn    x - ring of Ganuaf {rC+ Str+2 SInv}
MPRegen 0.14/turn

%: reflection
@: no status effects
A: horns 2, yellow scales 2, powered by death 2, spiny 3, camouflage 1, cold
resistance 1, strong-willed 1, sense surroundings 1
a: Renounce Religion


You were on level 2 of the Orcish Mines.
You worshipped Xom.
You were a favourite toy of Xom.
You visited 3 branches of the dungeon, and saw 22 of its levels.
You visited the Abyss 1 time.
You also visited: Sewer, Gauntlet and Ice Cave.

You collected 2734 gold pieces.
You spent 1078 gold pieces at shops.


Innate Abilities, Weirdness & Mutations

You have a pair of horns on your head.
You are mostly covered in yellow scales. (AC +3)
You regenerate health from kills.
You are completely covered in sharp spines.
Your skin changes colour to match your surroundings (Stealth+).
Your flesh is cold resistant. (rC+)
You are strong-willed. (Will+)
You passively map a small area around you.


   Skills:
 + Level 13.5 Fighting
 - Level 20.0 Long Blades
 - Level 2.3 Armour
 - Level 12.5 Dodging
 + Level 9.6 Evocations


You had 14 spell levels left.
You didn't know any spells.
Your spell library contained the following spells:

 Spells                   Type           Power      Damage    Failure   Level
 Freeze                   Ice            0%         1d3       34%         1
 Kiss of Death            Conj/Necr      0%         2d5       34%         1
 Magic Dart               Conj           0%         1d3       34%         1
 Blink                    Tloc           0%         N/A       47%         2
 Ensorcelled Hibernation  Hex/Ice        0%         N/A       47%         2
 Lesser Beckoning         Tloc           0%         N/A       47%         2
 Momentum Strike          Conj/Tloc      0%         3d8       47%         2
 Searing Ray              Conj           0%         2d4       47%         2
 Frozen Ramparts          Ice            0%         1d1       71%         3
 Hailstorm                Conj/Ice       0%         3d5       71%         3
 Ozocubu's Armour         Ice            0%         N/A       71%         3
 Passwall                 Erth           0%         N/A       71%         3
 Swiftness                Air            0%         N/A       71%         3
 Flame Wave               Conj/Fire      0%         2d4       98%         4
 Fulminant Prism          Conj/Alch      0%         3d5       98%         4
 Iskenderun's Battlesphe  Conj           0%         2d6       100%        5
 Metabolic Englaciation   Hex/Ice        0%         N/A       100%        5
 Bombard                  Conj/Erth      0%         9d1       100%        6
 Sculpt Simulacrum        Ice/Alch       0%         N/A       100%        6
 Spellforged Servitor     Conj/Summ      0%         N/A       100%        7
 Polar Vortex             Ice            0%         N/A       100%        9

Inventory:

Hand Weapons
 a - a +4 great sword of freezing (weapon)
 b - a +0 scimitar of flaming
 t - a +0 great sword
Missiles
 B - 2 throwing nets {=f}
 J - 2 curare-tipped darts (quivered) {=f}
Armour
 s - the scarf of a Billion Servitors (worn) {rC+ rF+, Stlth+}
   (You bought it in a shop on level 15 of the Dungeon)

   Stlth+:    It makes you more stealthy.
 z - a +2 pair of gloves (worn)
 D - a +0 pair of boots (worn)
 X - a +2 leather armour (worn)
Jewellery
 f - a ring of protection from fire
 n - the amulet "Riehium" (around neck) {Reflect Dex+3 SH+5}
   (You found it on level 4 of the Lair of Beasts)

   [amulet of reflection]

   Reflect:   It reflects blocked missile attacks.
   Dex+3:     It affects your dexterity (+3).
   SH+5:      It affects your SH (+5).
 x - the ring of Ganuaf (right hand) {rC+ Str+2 SInv}
   (Xom gifted it to you on level 14 of the Dungeon)

   [ring of protection from cold]

   Str+2:     It affects your strength (+2).
   rC+:       It protects you from cold.
   SInv:      It lets you see invisible.
 C - a ring of ice
 E - a +5 ring of evasion (left hand)
 F - a ring of protection from fire
 L - the ring "Zoavei Meth" {Wiz ^Drain rCorr Str+8 Stlth+}
   (You found it in a Gauntlet)

   [ring of wizardry]

   Wiz:       It improves your spell success rate.
   Str+8:     It affects your strength (+8).
   rCorr:     It protects you from acid and corrosion.
   ^Drain:    It drains your maximum health when unequipped.
   Stlth+:    It makes you more stealthy.
 W - a ring of willpower
Wands
 e - a wand of mindburst (7)
 H - a wand of digging (9)
 I - a wand of paralysis (12)
 K - a wand of flame (23)
 Q - a wand of acid (3)
 T - a wand of iceblast (18)
Scrolls
 k - 3 scrolls of fog
 o - 3 scrolls of enchant weapon
 p - 3 scrolls of vulnerability
 r - 10 scrolls of identify {@r1}
 u - a scroll of immolation
 v - 2 scrolls of enchant armour
 y - 4 scrolls of brand weapon
 G - a scroll of silence {!r}
Potions
 c - 3 potions of magic
 d - 8 potions of brilliance
 h - 3 potions of might
 i - 4 potions of attraction
 j - 3 potions of enlightenment
 l - 2 potions of curing {@q1}
 q - 2 potions of mutation
 w - 2 potions of lignification
 O - 2 potions of ambrosia
 P - 2 potions of degeneration
Miscellaneous
 g - a lightning rod (inert)
 S - a phantom mirror

Dungeon Overview and Level Annotations

Branches:
Dungeon (15/15)            Temple (0/1) D:4            Lair (5/5) D:11
 Shoals (0/4) Lair:2        Snake (0/4) Lair:3        Slime (0/5) Lair:4
    Orc (2/2) D:11            Elf (0/3) Orc:2        Vaults (0/5) D:14
 Depths (0/4) D:15          Sewer (visited)           IceCv (visited)
Gauntlet (visited)

Altars:
Dithmenos
Fedhas
Gozag
Makhleb
Okawaru
Qazlal
Trog
Vehumet
Wu Jian
Xom
Yredelemnul
Jiyva

Shops:
D:7 =   D:11 :   D:15 [:*

Annotations:
Lair:1 exclusion: oklob plant
Lair:3 exclusion: 3 oklob plants
Lair:5 exclusions: obsidian statue and oklob plant
Orc:1 3 runed translucent doors, grandjackal's ghost, journeyman DsGl

................####.............
..................##..#..........
...................##............
..........#####..)..##...........
............▒▒▒▒#)...#...........
.........▒▒▒▒..▒▒#§§§##..........
......▒▒▒▒..÷.5.▒#§§§#.#.........
......▒*∩.÷...÷§▒5§§##..#........
.....▒▒,,..)...)@3§§#............
.....▒∩,,...☼..o§§.##............
.....▒∩,,.......§.##..>.#.##.....
.#...▒▒,,.........#..............
#...#.▒▒∩.......▒##..............
##.#...▒▒▒.....▒▒................
####....▒▒▒▒▒▒▒...#....#........
##............##.............
##......#.....................


You could see an orc high priest (strong, ally target), a sun demon (summoned),
a friendly crimson imp (summoned) and a friendly shadow imp (summoned).


Message History

The orc high priest barely misses you. The sun demon closely misses you.
You are too injured to fight recklessly!
Unknown command.
You are too injured to fight recklessly!
Unknown command.
You are too injured to fight recklessly!
Unknown command.
You slice the sixfirhy!! You freeze the sixfirhy.
You kill the sixfirhy!
The sixfirhy disappears in a puff of smoke!
Found a yak skeleton and three wyvern skeletons.
The sun demon hits you!!
* * * LOW HITPOINT WARNING * * *
You are engulfed in flames.
You resist.
* * * LOW HITPOINT WARNING * * *
The orc high priest completely misses you.
The sun demon is struck by your spines. The sun demon misses you.
Items here: )) [[ ÷ †.
You closely miss the orc high priest. Xom grants you some temporary aid.
The orc high priest hits you with a +0 trident.
* * * LOW HITPOINT WARNING * * *
You feel much better. The sun demon is struck by your spines.
The sun demon misses you.
The orc high priest hits you but does no damage.
The sun demon is struck by your spines. The sun demon hits you!!
* * * LOW HITPOINT WARNING * * *
You are engulfed in flames!
You resist.
You die...
Xom chortles!

Skill      XL: |  1  2  3  4  5  6  7  8  9 10 11 12 13 14 15 |
---------------+----------------------------------------------+-----
Long Blades    | 3 4 5 6 7 9 11 12 13 14 15 17 20 | 20.0
Dodging        | 7 11 12 | 12.5
Evocations     | 4 5 9 |  9.6
Fighting       | 6 9 10 11 13 | 13.5
Armour         | 2 |  2.3

Action                     |  1- 3 |  4- 6 |  7- 9 | 10-12 | 13-15 || total
---------------------------+-------+-------+-------+-------+-------++-------
  Melee: Falchion          |    76 |    85 |   301 |   629 |   351 ||  1442
         Headbutt          |     8 |    18 |    68 |   157 |   356 ||   607
         Punch             |       |     1 |     7 |     8 |     9 ||    25
         Kick              |       |       |       |   123 |    95 ||   218
         Great sword       |       |       |       |       |   756 ||   756
         Scimitar          |       |       |       |       |   103 ||   103
  Throw: Throwing net      |       |       |     1 |       |       ||     1
         Dart              |       |       |       |     6 |       ||     6
  Evoke: Wand              |       |       |     7 |    14 |     7 ||    28
         Phantom mirror    |       |       |       |       |     1 ||     1
         Lightning rod     |       |       |       |       |     4 ||     4
    Use: Scroll            |     2 |     3 |    10 |    10 |    12 ||    37
         Potion            |       |     1 |     2 |     7 |    11 ||    21
   Stab: Sleeping          |     1 |       |       |       |     2 ||     3
         Paralysed         |       |       |    10 |    15 |     3 ||    28
         Petrified         |       |       |       |    14 |     3 ||    17
         Confused          |       |       |       |     2 |    17 ||    19
         Distracted        |       |       |       |       |     3 ||     3
 Armour: Leather armour    |    45 |    49 |   113 |   197 |   523 ||   927
         Skin              |       |       |       |     9 |       ||     9
  Dodge: Dodged            |    56 |    49 |   165 |   421 |   888 ||  1579
  Block: Other             |       |       |       |       |   160 ||   160
         Reflection        |       |       |       |       |     4 ||     4

Levels and vault maps discovered:
D:1:      ncdulo_halloftheorcs, layout_basic
D:2:      layout_loops_ring, uniq_natasha, uniq_crazy_yiuf_cottage, uniq_robin
D:3:      layout_loops_corners, shapermc_ecumenical_altar_gd,
          kennysheep_another_room
D:4:      layout_basic, minmay_temple_entry_wispy, minivault_5
D:5:      layout_rooms, chequers_serial_rivers_large_a, minmay_pentangle
D:6:      layout_basic, grunt_qazlal_clouds, minitemple, portal_sewer_entry_c,
          minmay_manual_monstrance
D:7:      layout_cave_pools, serial_shops, kennysheep_mini_moat
D:8:      layout_loops_ring, yredelemnul_altar_generic, uniq_psyche,
          uniq_joseph, uniq_maggie
D:9:      layout_roguey, nicolae_dithmenos_shadow_blocks,
          minmay_guarded_unrand_variability
D:10:     layout_basic, marbit_many_paths, vehumet_altar_wand_db, centaur_isle,
          uniq_sonja
D:11:     layout_cave_pods, lair_entry_dummy, orc_0_dummy, nicolae_custom_books,
          uniq_harold
D:12:     layout_long_grid
D:13:     layout_irregular_city, gauntlet_entry_generic, zin_treasury,
          uniq_snorg, uniq_lodul, uniq_erolcha
D:14:     layout_stronghold, hellmonk_vaults_attempted_burglary, uniq_jorgrun
D:15:     hellmonk_depths_entry_around_the_bend, layout_loops_ring,
          okawaru_trees_1, serial_shops, nicolae_inconvenience_store, shop,
          nicolae_lakefront_shop
Lair:1:   layout_regular_city, grunt_megastairs_3, serial_bayou_shore_a,
          serial_bayou_shore_b, lemuel_fruit_fields
Lair:2:   layout_chaotic_city, elwin_shoals_entry_rooms
Lair:3:   layout_small_grid, minmay_snake_entry_guardpost_small,
          portal_ice_cave_entry_ice_simulacra, dpeg_oklob_1
Lair:4:   layout_cave_pods, nicolae_slime_entry_field_trip,
          infiniplex_staircase_pool
Lair:5:   due_jungle_book, layout_loops_ring
Orc:1:    layout_caves, ebering_ghost_rock_garden, basic_altar
Orc:2:    grunt_orc_tribal_feast, layout_caves

Notes
Turn   | Place    | Note
-------+----------+-------------------------------------------
     0 | D:1      | demibob the Demonspawn Chaos Knight began the quest for the
                  | Orb.
     0 | D:1      | Reached XP level 1. HP: 18/18 MP: 1/1
    55 | D:1      | Reached skill level 3 in Long Blades
   134 | D:1      | Gained mutation: You have a pair of small horns on your
                  | head. [demonic ancestry]
   134 | D:1      | Reached XP level 2. HP: 24/24 MP: 2/2
   139 | D:1      | XOM: silly message
   406 | D:1      | Gained mutation: You are partially covered in sharp spines.
                  | [demonic ancestry]
   406 | D:1      | Reached XP level 3. HP: 29/29 MP: 3/3
   427 | D:1      | XOM: divination: detect creatures
   616 | D:2      | Noticed Natasha
   622 | D:2      | Killed Natasha
   623 | D:2      | Reached skill level 4 in Long Blades
   781 | D:2      | Gained mutation: You are mostly covered in sharp spines.
                  | [demonic ancestry]
   781 | D:2      | Reached XP level 4. HP: 35/35 MP: 4/4
  1051 | D:2      | Noticed Natasha
  1056 | D:2      | Killed Natasha
  1070 | D:2      | Noticed Robin
  1077 | D:2      | Reached skill level 5 in Long Blades
  1085 | D:2      | Killed Robin
  1091 | D:2      | XOM: 4-stop teleportation journey
  1174 | D:2      | Noticed Natasha
  1181 | D:2      | Killed Natasha
  1182 | D:2      | Gained mutation: You regenerate a little health from kills.
                  | [demonic ancestry]
  1182 | D:2      | Reached XP level 5. HP: 36/41 MP: 5/5
  1227 | D:2      | Found a runed translucent door.
  1228 | D:2      | Noticed Crazy Yiuf
  1342 | D:2      | XOM: silly message
  1414 | D:2      | Killed Crazy Yiuf
  1522 | D:3      | XOM: noise
  1719 | D:3      | XOM: divination: detect creatures
  1822 | D:3      | Reached skill level 6 in Long Blades
  1822 | D:3      | XOM: cast spell 'Olgreb's Toxic Radiance'
  1843 | D:3      | XOM: divination: detect creatures
  1881 | D:3      | Reached XP level 6. HP: 47/47 MP: 6/6
  1882 | D:3      | XOM: silly message
  2026 | D:3      | You fall into a shaft and drop 2 floors!
  2026 | D:5      | Entered Level 5 of the Dungeon
  2032 | D:5      | XOM: noise
  2033 | D:5      | Noticed an ice beast
  2042 | D:5      | Reached skill level 7 in Long Blades
  2044 | D:4      | Noticed a sky beast
  2054 | D:4      | Killed a sky beast
  2055 | D:4      | Gained mutation: You regenerate health from kills. [demonic
                  | ancestry]
  2055 | D:4      | Reached XP level 7. HP: 25/52 MP: 7/7
  2336 | D:4      | XOM: silly message
  2471 | D:3      | XOM: 1-stop teleportation journey
  2614 | D:3      | Found a faded altar of an unknown god.
  2626 | D:3      | Reached skill level 8 in Long Blades
  2656 | D:3      | XOM: 1-stop teleportation journey
  2857 | D:3      | XOM: divination: detect creatures
  3038 | D:4      | Found a staircase to the Ecumenical Temple.
  3450 | D:5      | Reached skill level 9 in Long Blades
  3450 | D:5      | Reached XP level 8. HP: 45/58 MP: 8/8
  3521 | D:5      | XOM: chaos cloud
  3559 | D:5      | XOM: summons friendly white imp
  3650 | D:5      | XOM: polymorph white imp -> ufetubus
  3685 | D:5      | Got the Spellbook of the Hurtful Tundra
  3916 | D:6      | Found a glowing drain.
  3933 | Sewer    | Entered a sewer
  3969 | Sewer    | Noticed Pargi
  3985 | Sewer    | Killed Pargi
  4021 | Sewer    | Reached skill level 10 in Long Blades
  4041 | Sewer    | XOM: enchant monster (bad)
  4399 | D:6      | Found a stormy altar of Qazlal.
  4492 | D:6      | XOM: summons 3 hostile demons
  4716 | D:6      | XOM: enchant monster (good)
  4739 | D:6      | Reached skill level 11 in Long Blades
  4741 | D:6      | Gained mutation: You are completely covered in sharp
                  | spines. [demonic ancestry]
  4741 | D:6      | Reached XP level 9. HP: 27/63 MP: 9/9
  4779 | D:6      | Reached skill level 1 in Dodging
  4785 | D:6      | Found an opulent altar of Gozag.
  4791 | D:6      | Found a blossoming altar of Fedhas.
  4792 | D:6      | Found a bloodstained altar of Trog.
  4796 | D:6      | Found an ornate altar of the Wu Jian Council.
  4863 | D:6      | Reached skill level 2 in Dodging
  5158 | D:7      | Reached skill level 3 in Dodging
  5165 | D:7      | XOM: summons 1 hostile demon
  5354 | D:7      | Reached skill level 4 in Dodging
  5488 | D:7      | XOM is BORED!
  5488 | D:7      | XOM: give mutation
  5488 | D:7      | Gained mutation: You are dopey. (Int -2) [Xom's mischief]
  5586 | D:7      | Found Gera's Jewellery Boutique.
  5634 | D:8      | XOM: confusion
  5660 | D:8      | XOM: fog
  5731 | D:8      | Reached skill level 5 in Dodging
  5753 | D:8      | Noticed Joseph
  5765 | D:8      | Killed Joseph
  5766 | D:8      | Reached skill level 12 in Long Blades
  5766 | D:8      | Reached skill level 6 in Dodging
  5918 | D:8      | Found a basalt altar of Yredelemnul.
  5921 | D:8      | Reached skill level 7 in Dodging
  5979 | D:8      | Noticed Maggie
  5993 | D:8      | Killed Maggie
  5994 | D:8      | Reached XP level 10. HP: 70/70 MP: 10/10
  6029 | D:8      | Noticed Psyche
  6042 | D:8      | Killed Psyche
  6317 | D:9      | Reached skill level 8 in Dodging
  6362 | D:9      | Found a shadowy altar of Dithmenos.
  6465 | D:9      | XOM: summons 6 hostile demons
  6473 | D:9      | XOM: silly message
  6481 | D:9      | Found a shimmering altar of Xom.
  6481 | D:9      | Found the +7 mace of Variability {chaos, chaos arc}
  6857 | D:9      | Reached skill level 9 in Dodging
  6870 | D:9      | Reached skill level 13 in Long Blades
  7057 | D:10     | Entered Level 10 of the Dungeon
  7132 | D:10     | Noticed Sonja
  7134 | D:10     | XOM: enchant monster (bad)
  7169 | D:10     | You are cast into the Abyss!
  7169 | Abyss:2  | Cast into level 2 of the Abyss (Sonja)
  7173 | Abyss:2  | XOM: repel stairs
  7183 | D:10     | You pass through the gate.
  7183 | D:10     | Escaped the Abyss
  7195 | D:10     | Killed Sonja
  7196 | D:10     | Reached skill level 10 in Dodging
  7211 | D:10     | Found a radiant altar of Vehumet.
  7380 | D:10     | Found a burning altar of Makhleb.
  7435 | D:10     | XOM: 2-stop teleportation journey
  7485 | D:10     | XOM: god gift: scroll of silence
  7645 | D:10     | XOM: give mutation
  7645 | D:10     | Gained mutation: You are frail. (-10% HP) [Xom's mischief]
  7693 | D:11     | XOM: silly message
  7831 | D:11     | XOM: silly message
  7875 | D:11     | XOM: silly message
  7888 | D:11     | Noticed a boulder beetle
  7888 | D:11     | XOM: potion effect (might)
  7893 | D:11     | XOM: potion effect (haste)
  7907 | D:11     | Killed a boulder beetle
  7908 | D:11     | Reached skill level 11 in Dodging
  7908 | D:11     | Reached XP level 11. HP: 38/67 MP: 11/11
  7959 | D:11     | XOM: silly message
  7973 | D:11     | Found a staircase to the Orcish Mines.
  7980 | D:11     | XOM: divination: detect creatures
  8074 | D:11     | Found a staircase to the Lair.
  8096 | D:11     | Noticed a two-headed ogre
  8097 | D:11     | XOM: enchant monster (good)
  8100 | D:11     | Noticed a purple ugly thing
  8112 | D:11     | XOM: enchant monster (good)
  8115 | D:11     | Killed a two-headed ogre
  8116 | D:11     | Reached skill level 14 in Long Blades
  8116 | D:11     | Reached skill level 12 in Dodging
  8121 | D:11     | Killed a purple ugly thing
  8195 | D:11     | XOM: god gift: 45 gold pieces
  8220 | D:11     | Noticed Harold
  8231 | D:11     | Killed Harold
  8245 | D:11     | Found Waonegh's Self-Published Books.
  8252 | D:11     | XOM: fog
  8253 | D:11     | XOM: confuse monster(s)
  8661 | D:12     | Noticed a deep elf pyromancer
  8671 | D:12     | Killed a deep elf pyromancer
  8672 | D:12     | Reached skill level 1 in Evocations
  8709 | D:12     | Reached skill level 2 in Evocations
  8722 | D:12     | Noticed a two-headed ogre
  8733 | D:12     | Killed a two-headed ogre
  8734 | D:12     | Reached skill level 4 in Fighting
  8842 | D:12     | Noticed a purple ugly thing
  8851 | D:12     | Reached skill level 3 in Evocations
  8868 | D:12     | Killed a purple ugly thing
  8996 | D:12     | XOM: divine lightning
  9006 | D:12     | Reached skill level 5 in Fighting
  9010 | D:12     | Reached skill level 4 in Evocations
  9052 | D:12     | Noticed a red ugly thing
  9065 | D:12     | Killed a red ugly thing
  9214 | D:12     | XOM: summons friendly crimson imp
  9216 | D:12     | XOM: enchant monster (good)
  9264 | Lair:1   | Entered Level 1 of the Lair of Beasts
  9290 | Lair:1   | Reached skill level 6 in Fighting
  9317 | Lair:1   | XOM: divination: detect creatures
  9325 | Lair:1   | XOM: chaos cloud
  9326 | Lair:1   | Lost mutation: You are dopey. (Int -2) [potion of mutation]
  9326 | Lair:1   | Lost mutation: You are frail. (-10% HP) [potion of
                  | mutation]
  9326 | Lair:1   | Gained mutation: You have sharp toenails. [potion of
                  | mutation]
  9326 | Lair:1   | Gained mutation: Your system is resistant to poisons.
                  | (rPois) [potion of mutation]
  9326 | Lair:1   | Gained mutation: You are robust. (+10% HP) [potion of
                  | mutation]
  9328 | Lair:1   | XOM: summons 4 friendly demons
  9329 | Lair:1   | XOM: silly message
  9331 | Lair:1   | XOM: silly message
  9347 | Lair:1   | Reached XP level 12. HP: 96/96 MP: 12/12
  9348 | Lair:1   | XOM: confuse monster(s)
  9385 | Lair:1   | Noticed a catoblepas
  9386 | Lair:1   | XOM: potion effect (haste)
  9434 | Lair:1   | Killed a catoblepas
  9482 | Lair:1   | XOM: divination: detect items
  9485 | Lair:1   | XOM: potion effect (might)
  9501 | Lair:1   | Reached skill level 7 in Fighting
  9752 | Lair:1   | XOM: summons friendly iron imp
  9769 | Lair:1   | XOM: enchant monster (bad)
  9897 | Lair:1   | XOM: 7-stop teleportation journey
  9961 | Lair:1   | XOM: enchant monster (good)
  9966 | Lair:1   | Reached skill level 8 in Fighting
 10022 | Lair:1   | XOM: cloud trail
 10319 | Lair:2   | XOM: confuse monster(s)
 10362 | Lair:2   | XOM: divination: detect items
 10364 | Lair:2   | XOM: enchant monster (good)
 10379 | Lair:1   | Reached skill level 15 in Long Blades
 10442 | Lair:2   | XOM: silly message
 10444 | Lair:2   | Reached skill level 9 in Fighting
 10545 | Lair:2   | XOM: confusion (+ monsters)
 10574 | Lair:2   | Noticed a catoblepas
 10581 | Lair:2   | XOM: cast spell 'Summon Small Mammal'
 10583 | Lair:2   | XOM: divination: detect creatures
 10597 | Lair:2   | Killed a catoblepas
 10644 | Lair:2   | XOM: divination: detect creatures
 10647 | Lair:2   | XOM: divination: detect items
 10661 | Lair:2   | XOM: cast spell 'Summon Ice Beast'
 10850 | Lair:2   | Found a staircase to the Shoals.
 11093 | Lair:2   | XOM: cloud trail
 11138 | Lair:3   | XOM: enchant monster (bad)
 11139 | Lair:3   | Gained mutation: You are partially covered in yellow
                  | scales. (AC +2) [demonic ancestry]
 11139 | Lair:3   | Reached XP level 13. HP: 110/113 MP: 13/13
 11156 | Lair:3   | XOM: enchant monster (good)
 11171 | Lair:3   | Found a frozen archway.
 11202 | Lair:3   | Reached skill level 10 in Fighting
 11211 | IceCv    | Entered an ice cave
 11403 | IceCv    | XOM: polymorph ice beast -> endoplasm
 11855 | IceCv    | XOM: give mutation
 11855 | IceCv    | Gained mutation: You are very robust. (+20% HP) [Xom's
                  | mischief]
 11983 | Lair:3   | XOM: god gift: runed hand axe {god gift}
 12107 | Lair:3   | XOM: divination: detect creatures
 12243 | Lair:3   | Found a staircase to the Snake Pit.
 12387 | Lair:3   | XOM: 7-stop teleportation journey
 12442 | Lair:3   | XOM: silly message
 12521 | Lair:3   | XOM: cast spell 'Olgreb's Toxic Radiance'
 12533 | Lair:3   | XOM: confuse monster(s)
 12538 | Lair:3   | Reached skill level 16 in Long Blades
 12930 | Lair:4   | XOM: summons 3 friendly demons
 12931 | Lair:4   | XOM: scenery: summon butterflies
 12937 | Lair:4   | XOM: polymorph yak -> scorpion
 12941 | Lair:4   | XOM: fog
 12948 | Lair:4   | XOM: potion effect (brilliance)
 12960 | Lair:4   | XOM: destruction
 12964 | Lair:4   | XOM: cast spell 'Summon Small Mammal'
 13013 | Lair:4   | XOM: enchant monster (good)
 13029 | Lair:4   | XOM: enchant monster (bad)
 13030 | Lair:4   | XOM: cast spell 'Summon Small Mammal'
 13147 | Lair:4   | XOM: potion effect (might)
 13216 | Lair:4   | Found a viscous altar of Jiyva.
 13221 | Lair:4   | Found a staircase to the Slime Pits.
 13248 | Lair:4   | XOM: potion effect (haste)
 13287 | Lair:4   | Identified the amulet "Riehium" {Reflect Dex+3 SH+5}
 13305 | Lair:4   | XOM: god gift: 30 gold pieces
 13374 | Lair:4   | XOM: 1-stop teleportation journey
 13740 | Lair:5   | Entered Level 5 of the Lair of Beasts
 13842 | Lair:5   | XOM: noise
 13958 | Lair:5   | XOM: silly message
 13960 | Lair:5   | XOM: silly message
 13963 | Lair:5   | Reached skill level 17 in Long Blades
 14086 | D:11     | XOM: silly message
 14163 | D:13     | Found a gate leading to a gauntlet.
 14169 | Gauntlet | Entered a Gauntlet
 14169 | Gauntlet | Found a transporter.
 14178 | Gauntlet | Found a transporter.
 14181 | Gauntlet | Found a transporter.
 14182 | Gauntlet | Found a transporter.
 14190 | Gauntlet | Found a transporter.
 14193 | Gauntlet | Found a transporter.
 14194 | Gauntlet | Found a transporter.
 14206 | Gauntlet | Found a transporter.
 14207 | Gauntlet | Found a transporter.
 14211 | Gauntlet | Found a transporter.
 14211 | Gauntlet | Found a runed translucent door.
 14213 | Gauntlet | Found a runed translucent door.
 14215 | Gauntlet | Found a transporter.
 14218 | Gauntlet | Found a transporter.
 14219 | Gauntlet | Found a transporter.
 14227 | Gauntlet | Found a transporter.
 14455 | Gauntlet | Identified the +3 cloak of Xudienkirr {rC- rCorr Int+4}
 14487 | Gauntlet | Identified the ring "Zoavei Meth" {Wiz ^Drain rCorr Str+8
                  | Stlth+}
 14638 | Gauntlet | XOM: silly message
 14648 | Gauntlet | Noticed a minotaur
 14650 | Gauntlet | XOM: divination: magic mapping
 14654 | Gauntlet | XOM: confusion
 14658 | Gauntlet | Killed a minotaur
 14768 | D:12     | XOM: give mutations
 14768 | D:12     | Gained mutation: You are weak. (Str -2) [Xom's mischief]
 14768 | D:12     | Lost mutation: You are weak. (Str -2) [Xom's mischief]
 14780 | D:12     | XOM: silly message
 14919 | D:13     | XOM: summons 5 friendly demons
 15215 | D:13     | Noticed Snorg
 15244 | D:13     | Killed Snorg
 15411 | D:13     | XOM: scenery: 1 doors close
 15487 | D:13     | XOM: summons 11 friendly demons
 15688 | D:13     | Noticed Lodul
 15698 | D:13     | Killed Lodul
 15701 | D:13     | Gained mutation: You are mostly covered in yellow scales.
                  | (AC +3) [demonic ancestry]
 15701 | D:13     | Reached XP level 14. HP: 121/133 MP: 14/14
 15813 | D:13     | Noticed Erolcha
 15833 | D:13     | Killed Erolcha
 15953 | D:13     | XOM: cloud trail
 16048 | D:13     | Reached skill level 18 in Long Blades
 16054 | D:13     | XOM: scenery: 1 doors open
 16065 | D:13     | XOM: enchant monster (good)
 16084 | D:13     | XOM: give mutations
 16084 | D:13     | Gained mutation: You expend magic power (3 MP) to
                  | strengthen your wands. [Xom's grace]
 16084 | D:13     | Gained mutation: You have hidden genetic potential. [Xom's
                  | grace]
 16084 | D:13     | Lost mutation: You have hidden genetic potential. [Xom's
                  | grace]
 16084 | D:13     | Gained mutation: You are somewhat resistant to further
                  | mutation. [Xom's grace]
 16462 | Lair:5   | XOM: confuse monster(s)
 16470 | Lair:5   | XOM: summons friendly ufetubus
 16502 | Lair:5   | XOM: polymorph ufetubus -> iron imp
 16508 | Lair:5   | XOM: 1-stop teleportation journey
 16515 | Lair:5   | XOM: enchant monster (bad)
 16580 | Lair:5   | XOM: noise
 16581 | Lair:5   | XOM: 1-stop teleportation journey
 16588 | Lair:5   | XOM: enchant monster (good)
 16600 | Lair:5   | XOM: blink monster(s)
 16607 | Lair:5   | XOM: summons 8 hostile demons
 16611 | Lair:5   | XOM: enchant monster (bad)
 16617 | Lair:5   | XOM: confusion (+ monsters)
 16677 | Lair:5   | XOM: enchant monster (bad)
 16715 | Lair:5   | XOM: polymorph dire elephant -> bunyip
 16726 | Lair:5   | Reached skill level 19 in Long Blades
 16946 | Lair:5   | XOM: summons 3 friendly demons
 17333 | Lair:5   | XOM: confusion
 17358 | Lair:5   | XOM: confuse monster(s)
 17408 | Lair:5   | XOM: summons 2 hostile demons
 17502 | Lair:5   | XOM: cleaving
 17564 | Lair:5   | XOM: fog
 17584 | Lair:5   | XOM: enchant monster (good)
 17595 | Lair:5   | XOM: 2-stop teleportation journey
 17622 | Lair:5   | XOM: confuse monster(s)
 17729 | Lair:5   | Reached skill level 20 in Long Blades
 17734 | Lair:5   | Reached skill level 2 in Armour
 17757 | Lair:5   | XOM: god gift: javelin
 17758 | Lair:5   | Reached skill level 11 in Fighting
 17927 | Lair:5   | Reached skill level 5 in Evocations
 18033 | Lair:5   | XOM: cloud trail
 18657 | D:14     | Gained mutation: You have a pair of horns on your head.
                  | [demonic ancestry]
 18657 | D:14     | Reached XP level 15. HP: 142/142 MP: 15/15
 19050 | D:14     | XOM: fake destruction
 19058 | D:14     | XOM: fog
 19136 | D:14     | Found a gate to the Vaults.
 19140 | D:14     | XOM: enchant monster (bad)
 19193 | D:14     | XOM: confuse monster(s)
 19196 | D:14     | Reached skill level 6 in Evocations
 19224 | D:14     | Noticed Jorgrun
 19229 | D:14     | XOM: enchant monster (good)
 19232 | D:14     | Killed Jorgrun
 19681 | D:15     | Entered Level 15 of the Dungeon
 19726 | D:15     | XOM: summons 10 friendly demons
 19950 | D:15     | XOM: potion effect (haste)
 19951 | D:15     | Reached skill level 12 in Fighting
 20036 | D:14     | Identified the ring of Ganuaf {rC+ Str+2 SInv} (Xom gifted
                  | it to you on level 14 of the Dungeon)
 20036 | D:14     | XOM: god gift: ring of Ganuaf {rC+ Str+2 SInv}
 20094 | D:15     | Reached skill level 7 in Evocations
 20285 | D:15     | XOM: give mutations
 20285 | D:15     | Gained mutation: You sometimes lose your temper in combat.
                  | [Xom's mischief]
 20285 | D:15     | Lost mutation: You are very robust. (+20% HP) [Xom's
                  | mischief]
 20285 | D:15     | Gained mutation: Your body sometimes deteriorates upon
                  | taking damage. [Xom's mischief]
 20286 | D:15     | Lost mutation: Your system is resistant to poisons. (rPois)
                  | [potion of mutation]
 20286 | D:15     | Lost mutation: You have sharp toenails. [potion of
                  | mutation]
 20286 | D:15     | Lost mutation: You are somewhat resistant to further
                  | mutation. [potion of mutation]
 20286 | D:15     | Gained mutation: You have hidden genetic potential. [potion
                  | of mutation]
 20286 | D:15     | Lost mutation: You sometimes lose your temper in combat.
                  | [potion of mutation]
 20357 | D:15     | Found an iron altar of Okawaru.
 20402 | D:15     | Found Jeixoog's Assorted Antiques.
 20518 | D:15     | XOM: god gift: wand of paralysis (3)
 20566 | D:15     | Identified the dragon-blood talisman "Paocs" {rN+ Will+
                  | Dex+4}
 20638 | D:15     | XOM: give mutations
 20638 | D:15     | Gained mutation: You are strong-willed. (Will+) [Xom's
                  | grace]
 20638 | D:15     | Gained mutation: You have large cloven feet. [Xom's grace]
 20685 | D:15     | XOM: divination: detect creatures
 20697 | D:15     | Found a staircase to the Depths.
 20698 | D:15     | XOM: cleaving
 20714 | D:15     | Reached skill level 8 in Evocations
 20990 | D:15     | Found Qavonug's Armour Shoppe.
 21004 | D:15     | Bought the scarf of a Billion Servitors {rC+ rF+, Stlth+}
                  | for 477 gold pieces
 21069 | D:15     | Found Daecaque's Book Shop.
 21197 | D:15     | Bought a potion of might for 128 gold pieces
 21197 | D:15     | Bought a wand of mindburst (7) for 313 gold pieces
 21197 | D:15     | Bought a glass ring for 160 gold pieces
 21361 | Orc:1    | Entered Level 1 of the Orcish Mines
 21364 | Orc:1    | XOM: noise
 21367 | Orc:1    | XOM: confuse monster(s)
 21376 | Orc:1    | Reached skill level 13 in Fighting
 21487 | Orc:1    | XOM: give mutations
 21487 | Orc:1    | Gained mutation: Potions are less effective at restoring
                  | your health. [Xom's mischief]
 21487 | Orc:1    | Lost mutation: You have large cloven feet. [Xom's mischief]
 21487 | Orc:1    | Gained mutation: Your muscles are strong. (Str +4, Int/Dex
                  | -1) [Xom's mischief]
 21487 | Orc:1    | Lost mutation: Your muscles are strong. (Str +4, Int/Dex
                  | -1) [Xom's mischief]
 21530 | Orc:1    | Lost mutation: You expend magic power (3 MP) to strengthen
                  | your wands. [potion of mutation]
 21530 | Orc:1    | Lost mutation: You have hidden genetic potential. [potion
                  | of mutation]
 21530 | Orc:1    | Gained mutation: You passively map a small area around you.
                  | [potion of mutation]
 21531 | Orc:1    | Lost mutation: You are robust. (+10% HP) [potion of
                  | mutation]
 21531 | Orc:1    | Lost mutation: You passively map a small area around you.
                  | [potion of mutation]
 21531 | Orc:1    | Gained mutation: You have hidden genetic potential. [potion
                  | of mutation]
 21531 | Orc:1    | Gained mutation: You passively map a small area around you.
                  | [potion of mutation]
 21532 | Orc:1    | Lost mutation: Potions are less effective at restoring your
                  | health. [potion of mutation]
 21532 | Orc:1    | Lost mutation: You have hidden genetic potential. [potion
                  | of mutation]
 21532 | Orc:1    | Lost mutation: Your body sometimes deteriorates upon taking
                  | damage. [potion of mutation]
 21532 | Orc:1    | Gained mutation: Your skin changes colour to match your
                  | surroundings (Stealth+). [potion of mutation]
 21532 | Orc:1    | Gained mutation: Your flesh is cold resistant. (rC+)
                  | [potion of mutation]
 21583 | Orc:1    | Found a runed translucent gate.
 21583 | Orc:1    | Found a runed translucent gate.
 21584 | Orc:1    | Found a runed translucent gate.
 21594 | Orc:1    | Noticed grandjackal's ghost (journeyman DsGl)
 21856 | Orc:2    | Entered Level 2 of the Orcish Mines
 21868 | Orc:2    | Found a staircase to the Elven Halls.
 21901 | Orc:2    | XOM: blink monster(s)
 21902 | Orc:2    | XOM: swap monsters
 21924 | Orc:2    | Reached skill level 9 in Evocations
 22213 | Orc:2    | XOM: noise
 22282 | Orc:2    | XOM: scenery: summon butterflies
 22535 | Orc:2    | XOM: polymorph orc priest -> jackal
 22537 | Orc:2    | XOM: potion effect (heal wounds)
 22553 | Orc:2    | XOM: summons 2 friendly demons
 22553 | Orc:2    | HP: 11/124 [orc high priest/+0 trident (5)]
 22554 | Orc:2    | Slain by a sun demon

Vanquished Creatures
  Jorgrun (D:14)
  2 dire elephants (Lair:5)
  A minotaur (Gauntlet)
  A bunyip (Lair:5)
  Snorg (D:13)
  Harold (D:11)
  5 hydras
  3 catoblepae
  5 centaur warriors
  An ogre mage (D:15)
  4 boulder beetles
  Erolcha (D:13)
  6 two-headed ogres
  A death knight (D:14)
  2 deep troll earth magi (D:15)
  2 death yaks (Lair:4)
  2 orc high priests (Orc:2)
  A tengu warrior (D:13)
  Sonja (D:10)
  A spectral death yak (Lair:5)
  3 skysharks
  6 skeletal warriors
  Lodul (D:13)
  A spectral anaconda (Lair:5)
  A phantasmal warrior (D:14)
  7 orc knights
  3 necromancers (Lair:5)
  2 deep elf pyromancers
  15 ugly things
  5 orc sorcerers (Orc:2)
  5 cyclopes
  A meliai (D:15)
  2 kobold blastminers (Orc:2)
  A meliai (shapeshifter) (D:13)
  A merfolk siren (Lair:2)
  40 elephants
  3 gargoyles
  2 black mambas (Lair:5)
  2 manticores
  13 cane toads
  An eye of devastation (Gauntlet)
  A torpor snail (Lair:5)
  2 unseen horrors
  2 ice statues (IceCv)
  Joseph (D:8)
  Maggie (D:8)
  A rime drake (Lair:5)
  Psyche (D:8)
  2 kobold demonologists
  2 efreet
  2 freezing wraiths (D:14)
  A tengu conjurer (D:13)
  9 komodo dragons
  5 ice devils (IceCv)
  5 trolls
  A polar bear (Lair:5)
  A hornet (D:9)
  22 blink frogs
  4 wraiths
  5 slime creatures (D:13)
  32 yaks
  4 wyverns
  2 vampires
  2 steam dragons
  2 wargs
  A fire elemental (D:15)
  2 chaos spawn (D:9)
  5 basilisks
  5 death yak simulacra
  8 vampire mosquitoes
  4 nagas (Lair:3)
  2 acid dragons
  A harpy simulacrum (IceCv)
  8 water moccasins
  Pargi (Sewer)
  A black bear (D:6)
  16 orc warriors
  3 ice beasts
  A sky beast (D:4)
  An elephant zombie (Lair:5)
  19 ogres
  8 wolves
  9 centaurs
  An elephant skeleton (Lair:5)
  A phantom (D:4)
  2 kobold brigands (Sewer)
  A two-headed ogre simulacrum (IceCv)
  13 bullfrogs
  8 scorpions
  13 wights
  2 cane toad simulacra
  An elephant simulacrum (Lair:3)
  A killer bee (D:10)
  2 electric eels (Lair:1)
  3 howler monkeys
  A lava snake (D:15)
  2 bombardier beetles
  4 hounds
  4 jellies
  18 orc priests
  Crazy Yiuf (D:2)
  A gnoll bouda (D:8)
  2 sleepcaps
  Natasha (thrice) (D:2)
  An iguana (D:4)
  24 orc wizards
  2 troll simulacra (IceCv)
  2 spriggan simulacra (IceCv)
  3 wolf simulacra
  Robin (D:2)
  10 gnolls
  10 adders
  A naga simulacrum (IceCv)
  5 white imps
  An ufetubus (IceCv)
  2 ribbon worms
  3 dart slugs
  69 orcs
  4 bats (D:1)
  7 endoplasms
  4 giant cockroaches
  14 goblins
  12 hobgoblins
  9 jackals
  A quokka (D:3)
  9 ball pythons
  7 frilled lizards
  14 kobolds
  6 rats
667 creatures vanquished.

Vanquished Creatures (collateral kills)
  A death yak (Lair:4)
  A kobold demonologist (D:12)
  A blink frog (Lair:2)
  A wyvern (Lair:4)
  A yak (Lair:1)
  A wolf (Lair:2)
  An adder (D:6)
  A kobold (D:12)
8 creatures vanquished.

Vanquished Creatures (others)
  2 yaks
  A kobold (D:12)
3 creatures vanquished.

Grand Total: 678 creatures vanquished

Table legend: (Time is in decaauts)
 A = Elapsed time spent in this place.
 B = Non-inter-level travel time spent in this place.
 C = Inter-level travel time spent in this place.
 D = Time resting spent in this place.
 E = Time spent auto-exploring this place.
 F = Levels seen in this place.
 G = Mean time per level.
                   A        B        C        D        E       F      G
               +--------+--------+--------+--------+--------+-----+--------+
         Total |  21895 |  20760 |   1135 |   1711 |  15031 |  26 |  842.1 |
       Dungeon |  13347 |  12595 |    752 |    722 |   9746 |  15 |  889.8 |
          Lair |   5915 |   5548 |    367 |    342 |   4028 |   5 | 1183.0 |
  Orcish Mines |   1143 |   1128 |     15 |     20 |    876 |   2 |  571.5 |
         Abyss |      9 |      9 |      0 |      0 |      0 |   1 |    9.0 |
         Sewer |    249 |    249 |      0 |      0 |    183 |   1 |  249.0 |
      Ice Cave |    738 |    738 |      0 |    394 |     83 |   1 |  738.0 |
      Gauntlet |    491 |    491 |      0 |    233 |    114 |   1 |  491.0 |
               +--------+--------+--------+--------+--------+-----+--------+

Top non-repeatable levels by time:
  Lair:5: 2156 daAuts
    D:13: 1541 daAuts
    D:14: 1379 daAuts
    D:15: 1221 daAuts
  Lair:1: 1057 daAuts
    D:11: 1021 daAuts
     D:2: 1004 daAuts
     D:3: 993 daAuts
     D:6: 947 daAuts
  Lair:3: 946 daAuts
  Lair:4: 941 daAuts
    D:12: 834 daAuts
  Lair:2: 813 daAuts
   IceCv: 738 daAuts
     D:9: 723 daAuts

Table legend:
 A = Non-vault XP
 B = Vault XP
 C = Vault XP percentage of total XP
 D = Non-vault monster count
 E = Vault monster count
 F = Vault count percentage of total count
                 A         B        C        D         E       F
            +---------+---------+-------+---------+---------+-------
      Total |  107741 |   40856 |  27.5 |     513 |     163 |  24.1
            +---------+---------+-------+---------+---------+-------
        D:1 |      45 |       0 |   0.0 |      26 |       0 |   0.0
        D:2 |     113 |     110 |  49.3 |      18 |      14 |  43.8
        D:3 |     357 |       0 |   0.0 |      31 |       0 |   0.0
        D:4 |     525 |       0 |   0.0 |      22 |       0 |   0.0
        D:5 |     330 |     321 |  49.3 |      12 |       8 |  40.0
        D:6 |     943 |     308 |  24.6 |      14 |      12 |  46.2
        D:7 |     488 |       0 |   0.0 |       9 |       0 |   0.0
        D:8 |    1116 |    1186 |  51.5 |      21 |       3 |  12.5
        D:9 |    1668 |     352 |  17.4 |      26 |       2 |   7.1
       D:10 |    1229 |    1065 |  46.4 |       6 |       5 |  45.5
       D:11 |    4141 |     868 |  17.3 |       9 |       1 |  10.0
       D:12 |    5850 |       0 |   0.0 |      25 |       0 |   0.0
       D:13 |    7081 |    3648 |  34.0 |      19 |      12 |  38.7
       D:14 |   10129 |    2819 |  21.8 |      20 |       2 |   9.1
       D:15 |   14892 |    4556 |  23.4 |      28 |       7 |  20.0
     Lair:1 |    7289 |    1280 |  14.9 |      26 |       4 |  13.3
     Lair:2 |    7251 |     490 |   6.3 |      26 |       1 |   3.7
     Lair:3 |    4990 |    1153 |  18.8 |      20 |       9 |  31.0
     Lair:4 |    6766 |     129 |   1.9 |      18 |       3 |  14.3
     Lair:5 |   25714 |    9360 |  26.7 |      67 |      18 |  21.2
      Orc:1 |    2309 |       0 |   0.0 |      19 |       0 |   0.0
      Orc:2 |    4515 |    7268 |  61.7 |      51 |      29 |  36.2
      Sewer |       0 |     327 | 100.0 |       0 |      10 | 100.0
      IceCv |       0 |    3717 | 100.0 |       0 |      20 | 100.0
   Gauntlet |       0 |    1899 | 100.0 |       0 |       3 | 100.0
            +---------+---------+-------+---------+---------+-------
